 Dungeon Crawl Stone Soup version 0.21.1-1-g345015f (webtiles) character file.

424 cultivahabas the Cudgeler (level 6, 0/62 HPs)
             Began as a Troll Chaos Knight on May 18, 2018.
             Slain by a gnoll
             ... wielding a +1 halberd of protection
              (17 damage)
             ... on level 4 of the Dungeon.
             The game lasted 00:06:04 (2891 turns).

cultivahabas the Cudgeler (Troll Chaos Knight)      Turns: 2891, Time: 00:06:05

Health: 0/62       AC:  7    Str: 21    XL:     6   Next: 64%
Magic:  5/5        EV: 10    Int:  8    God:    Xom [..*...]
Gold:   252        SH:  0    Dex: 11    Spells: 5/5 levels left

rFire    . . .     SeeInvis .   a - +0 mace (chaos)
rCold    . . .     Gourm    +   (no shield)
rNeg     . . .     Faith    .   b - +2 robe
rPois    .         Spirit   .   (helmet restricted)
rElec    .         Reflect  .   (no cloak)
rCorr    .         Harm     .   (gloves unavailable)
MR       .....                  (boots unavailable)
Stlth    +.........             (no amulet)
HPRegen  0.60/turn              (no ring)
MPRegen  0.09/turn              (no ring)

@: very slightly contaminated, invisible
A: large, unfitting armour, claws 3, fast metabolism 3, gourmand, regeneration
1, shaggy fur 1, tough skin 2
a: Renounce Religion


You were on level 4 of the Dungeon.
You worshipped Xom.
You were a toy of Xom.
You were full.

You visited 1 branch of the dungeon, and saw 4 of its levels.

You collected 252 gold pieces.

Inventory:

Hand Weapons
 a - a +0 mace of chaos (weapon)
Missiles
 e - 5 tomahawks of returning (quivered)
Armour
 b - a +2 robe (worn)
Jewellery
 p - an uncursed ring of flight {unknown}
 r - a +2 ring of evasion {unknown}
 s - an uncursed ring of wizardry {unknown}
Scrolls
 f - a scroll of noise {unknown}
 i - a scroll of magic mapping {unknown}
 k - a scroll of immolation {unknown}
 l - 3 scrolls of identify {unknown}
 n - 3 scrolls of amnesia {unknown}
 o - 3 scrolls of remove curse {unknown}
 q - a scroll of teleportation {unknown}
Potions
 d - 2 potions of cancellation {unknown}
 g - 2 potions of heal wounds {unknown}
 h - a potion of berserk rage {unknown}
 j - 2 potions of agility {unknown}
 m - 2 potions of might {unknown}
 t - a potion of curing {unknown}
 u - a potion of flight {unknown}
Comestibles
 c - 11 rations


   Skills:
 + Level 4.1 Fighting
 * Level 5.8 Maces & Flails
 - Level 1.9 Dodging


You had 5 spell levels left.
You didn't know any spells.

Dungeon Overview and Level Annotations

Branches:
Dungeon (4/15)
 Temple: D:4-7

Altars:
Ashenzari
Makhleb
Uskayaw
Wu Jian
Xom
Yredelemnul
The Shining One


Innate Abilities, Weirdness & Mutations

You are too large for most types of armour.
You have claws for hands.
Your metabolism is lightning-fast.
You like to eat raw meat.
Your natural rate of healing is unusually fast.
You are covered in fur. (AC +1)
You have very tough skin. (AC +2)


Message History

The gnoll hits you from afar with a spear.
* * * LOW HITPOINT WARNING * * *
You are very lightly contaminated with residual magic.
You barely miss the gnoll.
The gnoll is heavily wounded.
The gnoll barely misses you.
You closely miss the gnoll.
The gnoll is heavily wounded.
The gnoll closely misses you. The gnoll barely misses you.
You sock the gnoll! You burn the gnoll.
You kill the gnoll!
You barely miss the gnoll. The gnoll closely misses you. x2
You completely miss the gnoll. The gnoll hits you but does no damage.
You hit the gnoll. You freeze the gnoll.
The gnoll is moderately wounded.
The gnoll closely misses you.
You closely miss the gnoll.
The gnoll is moderately wounded.
The gnoll hits you from afar with a halberd of protection!
You die...

#.########.# #.# #.#....# #.#
#.# #.#.##.###.# #.#
#.#.##.....# ########.#
#.#.######## #........# #.#.#
#.######## #.#.# #.#
########.#.######### #.#########
.........#......@gg# #.##......#
##################.###.##......#
.............#####.#.#.##......#
..................g......).....+
..##########.....).#.#.#.......#
..# #.......#...........+ ..#
#.......#.##........# ..#
#.......#.##........# ..#
#......##.##..#######


You could see 2 gnolls.

Vanquished Creatures
  A centaur (D:3)
  2 hounds (D:4)
  An orc priest (D:3)
  Jessica (D:2)
  Natasha (D:2)
  Robin (D:2)
  2 gnolls (D:4)
  3 adders
  4 worms
  3 dart slugs
  3 leopard geckos
  4 orcs (D:3)
  A ball python (D:2)
  10 bats
  3 giant cockroaches
  18 goblins
  4 hobgoblins
  13 jackals
  3 frilled lizards
  6 kobolds
  6 rats
90 creatures vanquished.

Vanquished Creatures (collateral kills)
  Natasha (D:2)
  An adder (D:3)
2 creatures vanquished.

Vanquished Creatures (others)
  Natasha (D:2)
1 creature vanquished.

Grand Total: 93 creatures vanquished

Notes
Turn   | Place    | Note
-------+----------+-------------------------------------------
     0 | D:1      | cultivahabas the Troll Chaos Knight began the quest for the Orb.
     0 | D:1      | Reached XP level 1. HP: 22/22 MP: 0/0
    53 | D:1      | Reached skill level 3 in Maces & Flails
    93 | D:1      | Reached XP level 2. HP: 29/29 MP: 1/1
   215 | D:1      | XOM: silly message
   305 | D:1      | XOM: harmless Tmut miscast
   333 | D:1      | XOM: smoke on damage
   418 | D:1      | XOM: silly message
   504 | D:1      | Reached XP level 3. HP: 36/36 MP: 2/2
   611 | D:1      | XOM: divination: detect creatures
   936 | D:2      | XOM: harmless Fire miscast
   974 | D:2      | Found an ornate altar of the Wu Jian Council.
  1038 | D:2      | XOM: harmless Erth miscast
  1129 | D:2      | XOM: cloud trail
  1253 | D:2      | Found a hide-covered altar of Uskayaw.
  1254 | D:2      | Noticed a hand axe
  1254 | D:2      | Noticed a hand axe
  1254 | D:2      | Noticed Robin
  1258 | D:2      | Noticed Jessica
  1281 | D:2      | Reached skill level 4 in Maces & Flails
  1286 | D:2      | Killed Robin
  1286 | D:2      | Reached XP level 4. HP: 45/45 MP: 3/3
  1289 | D:2      | XOM: confuse monster(s)
  1298 | D:2      | Killed Jessica
  1313 | D:2      | XOM: smoke on damage
  1362 | D:2      | Found a basalt altar of Yredelemnul.
  1364 | D:2      | Found a burning altar of Makhleb.
  1367 | D:2      | Found a glowing golden altar of the Shining One.
  1367 | D:2      | Found a shimmering altar of Xom.
  1368 | D:2      | XOM: swap monsters
  1678 | D:2      | Noticed Natasha
  1690 | D:2      | Killed Natasha
  1690 | D:2      | Reached XP level 5. HP: 36/53 MP: 4/4
  1778 | D:2      | XOM: noise
  1812 | D:2      | Noticed Natasha
  1821 | D:2      | XOM: medium Air miscast
  1821 | D:2      | Killed Natasha
  1827 | D:2      | Noticed Natasha
  1835 | D:2      | XOM: summons friendly crimson imp
  1842 | D:2      | Killed Natasha
  2165 | D:3      | Reached skill level 5 in Maces & Flails
  2191 | D:3      | Found a shattered altar of Ashenzari.
  2217 | D:3      | XOM: cast spell 'Summon Mana Viper'
  2289 | D:3      | Noticed a centaur
  2296 | D:3      | Killed a centaur
  2296 | D:3      | Reached XP level 6. HP: 45/62 MP: 5/5
  2425 | D:3      | XOM: medium Chrm miscast
  2464 | D:3      | XOM: god gift: 15 gold pieces
  2550 | D:3      | XOM: noise
  2781 | D:4      | XOM: god gift: 17 gold pieces
  2802 | D:4      | XOM: mild Tmut miscast
  2843 | D:4      | XOM: potion effect (curing)
  2882 | D:4      | XOM: potion effect (invisibility)
  2891 | D:4      | Slain by a gnoll

Skill      XL: |  1  2  3  4  5  6 |
---------------+-------------------+-----
Maces & Flails | 3 4 5 |  5.8
Fighting       | 3 4 |  4.1
Dodging        | |  1.9

Action                   |  1- 3 |  4- 6 || total
-------------------------+-------+-------++-------
Melee: Mace              |   108 |   171 ||   279
 Stab: Confused          |       |     2 ||     2
       Sleeping          |       |     1 ||     1
  Eat: Chunk             |    17 |    13 ||    30
Armor: Robe              |    55 |   112 ||   167
Dodge: Dodged            |    86 |   148 ||   234
